 Dungeon Crawl Stone Soup version 0.30-a0-916-g9813417 (webtiles) character file.

Game seed: 1076326369087557638

39 Meow the Sneak (level 3, 28/28 HPs)
             Began as a Naga Conjurer on Apr 5, 2023.
             Quit the game on level 2 of the Dungeon.
             The game lasted 00:12:27 (1491 turns).

Meow the Sneak (Naga Conjurer)                      Turns: 1491, Time: 00:12:29

Health: 28/28      AC:  2    Str:  9    XL:     3   Next: 47%
Magic:  5/6        EV:  9    Int: 20    God:
Gold:   75         SH:  0    Dex:  9    Spells: 3/6 levels left

rFire   . . .      SeeInvis +    a - +0 sling
rCold   . . .      Faith    .    (no shield)
rNeg    . . .      Spirit   .    e - +0 robe
rPois   +          Reflect  .    (no helmet)
rElec   .          Rampage  .    (no cloak)
rCorr   .                        (no gloves)
Will    .....                    (no barding)
Stlth   +++                      (no amulet)
HPRegen 0.24/turn                (no ring)
MPRegen 0.10/turn                (no ring)

@: very slow
A: AC +1, large, see invisible, deformed body, poison resistance, slowness 2,
spit poison 1, naga tail 1
a: Spit Poison


You were on level 2 of the Dungeon.
You visited 1 branch of the dungeon, and saw 2 of its levels.

You collected 75 gold pieces.

Inventory:

Hand Weapons
 a - a +0 sling (weapon)
 b - a +0 hand axe
Armour
 e - a +0 robe (worn)
Magical Staves
 k - the staff of cold "Cuvusk" {rC+ Will+ Stlth+}
   (You found it on level 2 of the Dungeon)

   [staff of cold]

   Base accuracy: +5 Base damage: 5 Base attack delay: 1.2 This weapon's minimum
   attack delay (0.6) is reached at skill level 12.
   It falls into the 'Staves' category.
   It is a one-handed weapon.
Scrolls
 c - a scroll of immolation
 d - 2 scrolls of identify
 f - a scroll of blinking {unknown}
 h - 2 scrolls of teleportation {unknown}
 l - a scroll of fog {unknown}
Potions
 g - a potion of magic
 i - a potion of attraction {unknown}
 j - a potion of degeneration {unknown}


   Skills:
 + Level 1.5 Dodging
 + Level 5.9 Stealth
 + Level 2.0 Spellcasting
 + Level 4.0 Conjurations


You had 3 spell levels left.
You knew the following spells:

 Your Spells              Type           Power      Damage    Failure   Level
a - Magic Dart            Conj           72%        1d6       3%          1
b - Searing Ray           Conj           36%        2d5       4%          2

Your spell library contained the following spells:

 Spells                   Type           Power      Damage    Failure   Level
 Dazzling Flash           Conj/Hex       20%        N/A       21%         3
 Fulminant Prism          Conj/Hex       5%         3d7       56%         4
 Iskenderun's Mystic Bla  Conj/Tloc      10%        2d4       56%         4


Dungeon Overview and Level Annotations

Branches:
Dungeon (2/15)

Altars:


Innate Abilities, Weirdness & Mutations

Your serpentine skin is tough. (AC +1)
You have supernaturally acute eyesight. (SInv)
Armour fits poorly on your strangely shaped body.
Your system is resistant to poisons. (rPois)
You cover ground very slowly.
You can spit poison.
You have a snake-like lower body.


Message History

Aim: a kobold, wielding a +0 club and quivering stones (severely wounded, 50% to hit)
The splash of poison hits the kobold!
You kill the kobold!
A ball python comes into view.
A ball python is nearby!
Casting: Magic Dart (safe; 3% risk of failure)
Confirm with . or Enter, or press ? or * to list all spells.
Aiming: Magic Dart (safe; 3% risk of failure)
Press: ? - help, Shift-Dir - straight line, f - ball python
Aim: a ball python (asleep, 100% to hit)
The magic dart hits the ball python.
The ball python is moderately wounded.
The ball python hisses angrily.
Unknown command.
Casting: Magic Dart (safe; 3% risk of failure)
Confirm with . or Enter, or press ? or * to list all spells.
Aiming: Magic Dart (safe; 3% risk of failure)
Press: ? - help, Shift-Dir - straight line, f/p - ball python
Aim: a ball python (moderately wounded, 100% to hit)
The magic dart hits the ball python.
You kill the ball python!
You have got your breath back.
Unknown command.
Unknown command.
You start resting.
Unknown command.
Unknown command.
Unknown command.
Unknown command.
Unknown command.
Unknown command.
Unknown command.
Unknown command.
Unknown command.
Unknown command.
Unknown command.
Unknown command.
Unknown command.
Unknown command.
Are you sure you want to abandon this character and quit the game? (Confirm with "yes".)

#.# #†#### #.#..
#.#.# ..#.###
#### #.....#..
....
.######........
.... ..)....@..#
.... #######...#
#### #######...#
# ........#.# #
#######.#.#####
#
#......>.......
# # #
#.#####.#.##.##
..#. #
##.###.#####.#.#
....####
#..............#
#.#....#


There were no monsters in sight!

Vanquished Creatures
  3 dart slugs
  2 endoplasms (D:1)
  4 giant cockroaches
  A goblin (D:1)
  6 hobgoblins
  2 quokkas
  3 ball pythons
  3 bats (D:1)
  2 kobolds
  5 rats
31 creatures vanquished.

Vanquished Creatures (others)
  3 plants (D:1)
  2 withered plants (D:1)
5 creatures vanquished.

Grand Total: 36 creatures vanquished

Notes
Turn   | Place    | Note
-------+----------+-------------------------------------------
     0 | D:1      | Meow the Naga Conjurer began the quest for the Orb.
     0 | D:1      | Reached XP level 1. HP: 15/15 MP: 3/3
   198 | D:1      | Found a faded altar of an unknown god.
   272 | D:1      | Reached skill level 4 in Stealth
   272 | D:1      | Reached XP level 2. HP: 22/22 MP: 5/5
   275 | D:1      | Learned a level 2 spell: Searing Ray
   585 | D:1      | Reached skill level 5 in Stealth
   795 | D:1      | Reached XP level 3. HP: 28/28 MP: 6/6
  1141 | D:2      | Identified the staff of cold "Cuvusk" {rC+ Will+ Stlth+}
  1491 | D:2      | Quit the game

Illustrated notes

Levels and vault maps discovered:
D:1:      lemuel_arrival_muddy, layout_loops_ring,
          shapermc_ecumenical_altar_flowoftime
D:2:      layout_basic, minivault_14, uniq_sigmund

Skill      XL: |  1  2 |
---------------+-------+-----
Stealth        | 4 5 |  5.9
Dodging        | |  1.5
Spellcasting   | |  2.0
Conjurations   | |  4.0

Action                     || total
---------------------------++-------
   Fire: Sling             ||     1
   Cast: Magic Dart        ||    21
         Searing Ray       ||     8
Ability: Spit Poison       ||    20
    Use: Scroll            ||     1

Table legend: (Time is in decaauts)
 A = Elapsed time spent in this place.
 B = Non-inter-level travel time spent in this place.
 C = Inter-level travel time spent in this place.
 D = Time resting spent in this place.
 E = Time spent auto-exploring this place.
 F = Levels seen in this place.
 G = Mean time per level.
                   A        B        C        D        E       F      G
               +--------+--------+--------+--------+--------+-----+--------+
         Total |   1905 |   1862 |     43 |    362 |   1294 |   2 |  952.5 |
       Dungeon |   1905 |   1862 |     43 |    362 |   1294 |   2 |  952.5 |
               +--------+--------+--------+--------+--------+-----+--------+

Top non-repeatable levels by time:
     D:1: 1197 daAuts
     D:2: 708 daAuts
